 Dungeon Crawl Stone Soup version 0.20-a0-1114-g33edf32 (webtiles) character file.

9943 Monsterracer the Severer (level 11, 0/97 HPs)
             Began as a Hill Orc Fighter on May 6, 2017.
             Was an Elder of Uskayaw.
             Killed by the air
             ... invoked by Gastronok
              (32 damage)
             ... on level 1 of the Lair of Beasts.
             The game lasted 00:20:46 (9660 turns).

Monsterracer the Severer (Hill Orc Fighter)         Turns: 9660, Time: 00:20:47

Health: 0/97       AC: 15    Str: 17    XL:     11   Next: 54%
Magic:  8/16       EV:  9    Int:  8    God:    Uskayaw [****..]
Gold:   638        SH:  0    Dex: 13    Spells: 6/10 levels left

rFire    . . .     SeeInvis +   a - +1 war axe
rCold    . . .     Gourm    .   (no shield)
rNeg     + + .     Faith    +   z - +0 chain mail "Lunisu" {rElec rN+ Str-3 SInv}
rPois    .         Spirit   .   n - +2 helmet
rElec    +         Reflect  .   (no cloak)
rCorr    .         Harm     .   (no gloves)
MR       +....                  l - +0 pair of boots
Stlth    ..........             i - amulet of faith
Regen    0.3/turn               e - ring of protection from magic
MPRegen  0.2/turn               r - ring of positive energy

@: lethally poisoned (0 -> -1)
A: mutation resistance 1, sense surroundings 1
a: Stomp, Line Pass, Renounce Religion


You were on level 1 of the Lair of Beasts.
You worshipped Uskayaw.
Uskayaw was noncommittal.
You were hungry.

You visited 3 branches of the dungeon, and saw 12 of its levels.

You collected 638 gold pieces.

Inventory:

Hand Weapons
 a - a +1 war axe (weapon)
 C - a +0 dire flail
Armour
 l - a +0 pair of boots (worn)
 n - a +2 helmet (worn)
 z - the +0 chain mail "Lunisu" (worn) {rElec rN+ Str-3 SInv}
   (You found it on level 8 of the Dungeon)

   It affects your strength (-3).
   It insulates you from electricity.
   It protects you from negative energy.
   It lets you see invisible.
 B - a +2 chain mail of fire resistance
Jewellery
 e - a ring of protection from magic (left hand)
 i - an amulet of faith (around neck)
 r - a ring of positive energy (right hand)
Wands
 c - a wand of disintegration (13/24)
 v - a wand of flame (33/48)
 w - a wand of digging (8/24)
Scrolls
 b - 2 scrolls of remove curse
 h - 5 scrolls of identify
 j - a scroll of amnesia
 m - a scroll of magic mapping
 u - 4 scrolls of immolation
 y - 4 scrolls of teleportation
Potions
 d - a potion of curing
 o - 2 potions of brilliance
 p - 2 potions of ambrosia
 q - 4 potions of flight
 s - a potion of mutation
 t - 4 potions of berserk rage
 A - a potion of heal wounds
 E - a potion of might
Comestibles
 f - 4 bread rations
 g - 2 meat rations
 k - 7 royal jellies
 x - 5 fruits


   Skills:
 + Level 9.1 Fighting
 * Level 15.7 Axes
 + Level 8.3 Armour
 - Level 4.0 Dodging
   Level 3.2 Shields
 + Level 7.8 Invocations


You had 6 spell levels left.
You knew the following spells:

 Your Spells              Type           Power        Failure   Level  Hunger
a - Confusing Touch       Hex            #.....       99%         1    ##.....
b - Summon Small Mammal   Summ           #...         99%         1    ##.....
c - Apportation           Tloc           #.....       99%         1    ##.....
d - Animate Skeleton      Necr           N/A          99%         1    ##.....


Dungeon Overview and Level Annotations

Branches:
Dungeon (10/15)            Temple (1/1) D:6            Lair (1/6) D:8
    Orc: D:9-12

Altars:
Ashenzari
Cheibriados
Dithmenos
Elyvilon
Fedhas
Gozag
Hepliaklqana
Kikubaaqudgha
Nemelex Xobeh
Okawaru
Qazlal
Ru
Sif Muna
Trog
Uskayaw
Vehumet
Wu Jian
Xom
Yredelemnul
Zin
The Shining One

Shops:
D:4 (

Annotations:
Lair:1 Gastronok


Innate Abilities, Weirdness & Mutations

You are somewhat resistant to further mutation.
You passively map a small area around you.


Message History

Press: ? - help, Dir - move target cursor, p - Gastronok Gastronok appears confused.
You feel somewhat more hungry.
You strike the helpless Gastronok from behind!
You slice Gastronok!!
Gastronok is lightly wounded.
Gastronok seems less confused.
Aiming: Line Pass
Press: ? - help, Dir - move target cursor, f - Gastronok
Aim: Gastronok, wearing an embroidered hat (lightly wounded)
You can't stand on top of the monster!
Aiming: Line Pass
Press: ? - help, Dir - move target cursor, p - Gastronok Gastronok appears confused.
You are feeling hungry.
You can no longer merge with and destroy a victim.
You feel sick.
Gastronok seems less confused.
Gastronok waves his eye-stalks in wide circles.
The air twists around and strikes you!
You die...

, #........#...+.......#.
, #.......##...P.......#.
,
##..#.###.#...........#.
.#.##..##..#.............
,
...............#.......#.
* +
.......†........#+#.#.##.
.......††................
,
.........................
........@.†..............
........w................
................###.##...
.......................#.
,
....###.##.P#...#........
, , .... *#$#
###...#......#. , .. *
..> ,* ..#........ ,, ..
, ..P......#. , ... ,
.......<.#.


You could see Gastronok.

Vanquished Creatures
  3 two-headed ogres
  2 ugly things
  A troll (D:9)
  4 blink frogs (Lair:1)
  Grinder (D:6)
  2 hippogriffs (D:8)
  Sigmund (D:6)
  10 yaks
  A hungry ghost (D:10)
  Edmund (D:6)
  2 water moccasins
  An orc warrior (D:10)
  4 sky beasts
  2 phantoms
  An eye of draining (D:9)
  A centaur (D:9)
  4 ogres
  10 bullfrogs
  A wyvern zombie (D:10)
  A water moccasin zombie (D:5)
  6 scorpions
  4 crimson imps
  A bullfrog zombie (D:9)
  A centaur zombie (D:9)
  2 jellies
  8 hounds
  8 orc wizards
  2 quasits
  A bullfrog skeleton (D:9)
  A centaur skeleton (D:8)
  3 orc priests
  A gnoll shaman (D:7)
  2 iguanas (D:6)
  7 worker ants
  3 hound zombies
  2 worker ant zombies
  8 gnolls
  A howler monkey skeleton (D:4)
  10 adders
  A shadow imp (D:5)
  An ooze (D:3)
  A worm (D:3)
  A dart slug (D:2)
  3 leopard geckos
  35 orcs
  A ball python (D:5)
  6 giant cockroaches
  6 goblins
  4 hobgoblins (D:1)
  2 jackals (D:6)
  6 kobolds
  4 quokkas
  9 bats
  A quokka zombie (D:6)
  2 rats (D:3)
  8 fungi
215 creatures vanquished.

Vanquished Creatures (others)
  A centaur (D:6)
  An orc priest (D:6)
  An orc (D:6)
  3 fungi (D:5)
6 creatures vanquished.

Grand Total: 221 creatures vanquished

Notes
Turn   | Place    | Note
-------+----------+-------------------------------------------
     0 | D:1      | Monsterracer the Hill Orc Fighter began the quest for the Orb.
     0 | D:1      | Reached XP level 1. HP: 19/19 MP: 1/1
    29 | D:1      | Reached skill level 3 in Axes
   341 | D:1      | Reached XP level 2. HP: 26/26 MP: 2/2
   613 | D:1      | Reached skill level 4 in Axes
  1131 | D:2      | Reached XP level 3. HP: 26/31 MP: 3/3
  1158 | D:2      | Found a snail-covered altar of Cheibriados.
  1702 | D:3      | Reached skill level 5 in Axes
  1845 | D:3      | Reached XP level 4. HP: 25/39 MP: 4/4
  2166 | D:3      | Reached skill level 6 in Axes
  2246 | D:3      | Reached XP level 5. HP: 45/45 MP: 5/5
  2443 | D:4      | Found Govoahy's Antique Weapon Shoppe.
  2470 | D:4      | Found a basalt altar of Yredelemnul.
  2477 | D:4      | Reached skill level 7 in Axes
  2663 | D:4      | Noticed an ogre
  2682 | D:4      | Killed an ogre
  2682 | D:4      | Reached skill level 8 in Axes
  2682 | D:4      | Reached XP level 6. HP: 42/51 MP: 6/6
  2727 | D:4      | Found a shimmering altar of Xom.
  3062 | D:5      | Entered Level 5 of the Dungeon
  3100 | D:5      | Reached skill level 9 in Axes
  3129 | D:5      | Reached XP level 7. HP: 33/57 MP: 7/7
  3152 | D:5      | Reached skill level 10 in Axes
  3441 | D:5      | Found a shattered altar of Ashenzari.
  3548 | D:5      | Gained mutation: You are somewhat resistant to further mutation. [potion of mutation]
  3548 | D:5      | Gained mutation: You passively map a small area around you. [potion of mutation]
  3556 | D:5      | Reached skill level 11 in Axes
  3578 | D:5      | Found an opulent altar of Gozag.
  3735 | D:5      | Found a white marble altar of Elyvilon.
  3754 | D:5      | Found a blossoming altar of Fedhas.
  3976 | D:5      | Reached XP level 8. HP: 62/66 MP: 8/8
  4093 | D:5      | Found an iron altar of Okawaru.
  4093 | D:5      | Found a bloodstained altar of Trog.
  4138 | D:5      | Reached skill level 1 in Dodging
  4201 | D:5      | Found a deep blue altar of Sif Muna.
  4477 | D:6      | Noticed Edmund
  4492 | D:6      | Killed Edmund
  4524 | D:6      | Learned a level 1 spell: Confusing Touch
  4526 | D:6      | Learned a level 1 spell: Summon Small Mammal
  4528 | D:6      | Learned a level 1 spell: Apportation
  4530 | D:6      | Learned a level 1 spell: Animate Skeleton
  4572 | D:6      | Reached skill level 5 in Fighting
  4627 | D:6      | Found a staircase to the Ecumenical Temple.
  4659 | D:6      | Noticed Sigmund
  4662 | D:6      | Reached skill level 12 in Axes
  4707 | D:6      | Killed Sigmund
  4707 | D:6      | Reached XP level 9. HP: 54/74 MP: 9/9
  4868 | Temple   | Entered the Ecumenical Temple
  4875 | Temple   | Became a worshipper of Uskayaw the Reveler
  5270 | D:6      | Reached * piety under Uskayaw
  5384 | D:6      | Reached ** piety under Uskayaw
  5411 | D:6      | Reached skill level 1 in Invocations
  5428 | D:6      | Reached skill level 5 in Armour
  5584 | D:6      | Reached *** piety under Uskayaw
  5607 | D:6      | Noticed Grinder
  5618 | D:6      | Killed Grinder
  5619 | D:6      | Found an ornate altar of the Wu Jian Council.
  5713 | D:7      | Found a radiant altar of Vehumet.
  6239 | D:8      | Noticed a two-headed ogre
  6261 | D:8      | Reached skill level 13 in Axes
  6268 | D:8      | Killed a two-headed ogre
  6566 | D:8      | Reached XP level 10. HP: 72/84 MP: 13/13
  6581 | D:8      | Found a staircase to the Lair.
  6881 | D:8      | Found a sparkling altar of Nemelex Xobeh.
  6881 | D:8      | Noticed a green ugly thing
  6889 | D:8      | Reached **** piety under Uskayaw
  6892 | D:8      | Killed a green ugly thing
  6892 | D:8      | Reached ***** piety under Uskayaw
  6903 | D:8      | Got a translucent chain mail
  6914 | D:8      | Identified the +0 chain mail "Lunisu" {rElec rN+ Str-3 SInv} (You found it on level 8 of the Dungeon)
  7019 | D:8      | Reached skill level 5 in Invocations
  7325 | D:9      | Reached skill level 14 in Axes
  8091 | D:9      | Noticed a two-headed ogre
  8100 | D:9      | Killed a two-headed ogre
  8100 | D:9      | Reached XP level 11. HP: 67/95 MP: 14/16
  8331 | D:9      | Reached skill level 15 in Axes
  8335 | D:10     | Entered Level 10 of the Dungeon
  8584 | D:10     | Found a shimmering altar of Xom.
  8652 | D:10     | Noticed a purple ugly thing
  8662 | D:10     | Killed a purple ugly thing
  9240 | D:10     | Noticed a two-headed ogre
  9252 | D:10     | Killed a two-headed ogre
  9586 | Lair:1   | Entered Level 1 of the Lair of Beasts
  9640 | Lair:1   | Noticed Gastronok
  9660 | Lair:1   | Killed from afar by Gastronok

Vault maps used:
D:1:      minmay_arrival_radiant_lines, dk_noncrumbling_3,
          minmay_misc_feat_roman
D:2:      kennysheep_slug_shrine
D:3:      minmay_wonky_spiral, minmay_misc_feat_pillars
D:4:      yredelemnul_altar_generic, old_standard_altar,
          nicolae_overflow_hidden_temple, serial_shops, nicolae_shop_trees
D:5:      old_forge, grunt_temple_overflow_bloody_war, ashenzari_altar_1,
          grunt_gozag_breadcrumbs, led_sif_pool, lemuel_doored_altar,
          first_bread, basic_altar
D:6:      lemuel_round_altar, lemuel_temple_firewalk_b, uniq_edmund,
          uniq_grinder, uniq_sigmund
D:7:      vehumet_altar_wand_db
D:8:      nemelex_xobeh_ov_fountains_minmay, dpeg_oklobed_lair, hex_intersection
D:10:     basic_altar
Temple:   compressed_dpeg_triangle_lava_temple
Lair:1:   st_stairs_7, serial_bayou_shore_a, minmay_lair_oklob_chamber,
          uniq_gastronok, uniq_nergalle

Skill      XL: |  1  2  3  4  5  6  7  8  9 10 11 |
---------------+----------------------------------+-----
Axes           | 3 4 5 6 8 9 11 12 13 14 15 | 15.7
Fighting       | 5 6 8 9 |  9.1
Dodging        | 2 3 4 |  4.0
Armour         | 4 6 7 8 |  8.3
Invocations    | 4 6 7 |  7.8
Shields        | |  3.2

Action                   |  1- 3 |  4- 6 |  7- 9 | 10-12 || total
-------------------------+-------+-------+-------+-------++-------
Melee: War axe           |   120 |   101 |   349 |   300 ||   870
Invok: Line Pass         |       |       |     3 |     2 ||     5
       Stomp             |       |       |     2 |       ||     2
Evoke: Wand              |       |       |       |     5 ||     5
  Use: Potion            |     4 |     2 |     4 |     3 ||    13
       Scroll            |       |    11 |     7 |     4 ||    22
 Stab: Paralysed         |       |       |     8 |    35 ||    43
       Confused          |       |       |     1 |     1 ||     2
  Eat: Chunk             |     3 |     4 |    13 |    12 ||    32
Armor: Scale mail        |     9 |       |       |       ||     9
       Plate armour      |    75 |    65 |   180 |    39 ||   359
       Chain mail        |       |       |       |    93 ||    93
Dodge: Dodged            |    32 |    24 |    42 |    67 ||   165
Block: Shield            |    69 |    43 |   134 |    69 ||   315
